TOP OF THE 1ST |
---|
Washington Huskies batting - Pitching for Arizona Wildcats : RHP Carl Mason | Pitching: RHP Carl Mason | | Batting: RHB Mario Rodríguez | 0-0: Ball 1-0: DOUBLE (Line Drive, 78D) | Batting: RHB Jorge Fernández | 0-0: Ball 1-0: Ball 2-0: Foul Ball, location: 2F 2-1: Ground out 1-3 (Groundball, 13S) Mario Rodríguez to third | Batting: RHB Jake Townsend | 0-0: Foul Ball, location: 2F 0-1: Ball 1-1: Ball 2-1: Foul Ball, location: 2F 2-2: Foul Ball, location: 2F 2-2: Strikes out swinging | Batting: RHB Jesús López | 0-0: Foul Ball, location: 2F 0-1: Called Strike 0-2: Ball 1-2: Strikes out swinging | Top of the 1st over - 0 runs, 1 hit, 0 errors, 1 left on base; Washington 0 - Arizona 0 | BOTTOM OF THE 1ST |
---|
Arizona Wildcats batting - Pitching for Washington Huskies : RHP Michael Hastings | Pitching: RHP Michael Hastings | | Batting: RHB José Luján | 0-0: Ball 1-0: Called Strike 1-1: Ball 2-1: Foul Ball, location: 2F 2-2: Ground out 5-3 (Groundball, 5) | Batting: RHB Thomas Bravo | 0-0: Called Strike 0-1: Ball 1-1: Ball 2-1: Foul Ball, location: 2F 2-2: Fly out, F3 (Line Drive, 3S) | Batting: RHB Jon Hartley | 0-0: Foul Ball, location: 2F 0-1: Ball 1-1: Ball 2-1: Swinging Strike 2-2: Strikes out looking | Bottom of the 1st over - 0 runs, 0 hits, 0 errors, 0 left on base; Washington 0 - Arizona 0 | TOP OF THE 2ND |
---|
Washington Huskies batting - Pitching for Arizona Wildcats : RHP Carl Mason | Batting: RHB Ben Johnson | 0-0: Ball 1-0: Ball 2-0: Called Strike 2-1: Swinging Strike 2-2: Fly out, F8 (Flyball, 8RD) | Batting: SHB Pedro Sousa | 0-0: Ball 1-0: Called Strike 1-1: Ball 2-1: Ball 3-1: Base on Balls | Batting: RHB Shawn Shirley | 0-0: Called Strike 0-1: Ball 1-1: Ball 2-1: Foul Ball, location: 2F 2-2: Fly out, F4 (Line Drive, 4) | Batting: RHB Roberto Silva | 0-0: Foul Ball, location: 2F 0-1: Called Strike 0-2: Fly out, F5 (Popup, 5SF) | Top of the 2nd over - 0 runs, 0 hits, 0 errors, 1 left on base; Washington 0 - Arizona 0 | BOTTOM OF THE 2ND |
---|
Arizona Wildcats batting - Pitching for Washington Huskies : RHP Michael Hastings | Batting: SHB José Acevedo | 0-0: Ground out 1-3 (Groundball, 13S) | Batting: RHB Nate Fisher | 0-0: Called Strike 0-1: Ball 1-1: Swinging Strike 1-2: Ground out 6-3 (Groundball, 56) | Batting: RHB Sergio Genera | 0-0: Swinging Strike 0-1: Foul Ball, location: 2F 0-2: Ground out 5-3 (Groundball, 56) | Bottom of the 2nd over - 0 runs, 0 hits, 0 errors, 0 left on base; Washington 0 - Arizona 0 | TOP OF THE 3RD |
---|
Washington Huskies batting - Pitching for Arizona Wildcats : RHP Carl Mason | Batting: RHB Jarrett Marshall | 0-0: Ball 1-0: Ball 2-0: SINGLE (Groundball, 6) (infield hit) | Batting: RHB Mario Rodríguez | 0-0: Called Strike 0-1: Ball 1-1: Foul Ball, location: 2F 1-2: Ball 2-2: Grounds into double play, 1-6-3 (Groundball, 13) | Batting: RHB Jorge Fernández | 0-0: Ball 1-0: Foul Ball, location: 2F 1-1: Swinging Strike 1-2: Hit by Pitch | Batting: RHB Jake Townsend | 0-0: Ball 1-0: Fly out, F5 (Popup, 5SF) | Top of the 3rd over - 0 runs, 1 hit, 0 errors, 1 left on base; Washington 0 - Arizona 0 | BOTTOM OF THE 3RD |
---|
Arizona Wildcats batting - Pitching for Washington Huskies : RHP Michael Hastings | Batting: LHB Reginald Stokes | 0-0: Fly out, F9 (Flyball, 9S) | Batting: RHB Bill Ford | 0-0: Ball 1-0: Fly out, F8 (Flyball, 8RS) | Batting: SHB Andrew Walters | 0-0: Called Strike 0-1: Ball 1-1: Fly out, F8 (Flyball, 78M) | Bottom of the 3rd over - 0 runs, 0 hits, 0 errors, 0 left on base; Washington 0 - Arizona 0 | TOP OF THE 4TH |
---|
Washington Huskies batting - Pitching for Arizona Wildcats : RHP Carl Mason | Batting: RHB Jesús López | 0-0: Ball 1-0: Called Strike 1-1: Fly out, F8 (Line Drive, 8LM) | Batting: RHB Ben Johnson | 0-0: Foul Ball, location: 2F 0-1: Called Strike 0-2: Strikes out looking | Batting: SHB Pedro Sousa | 0-0: Foul Ball, location: 2F 0-1: Ball 1-1: Ball 2-1: Foul Ball, location: 2F 2-2: Foul Ball, location: 2F 2-2: SINGLE (Groundball, 3D) | Batting: RHB Shawn Shirley | 0-0: Called Strike | |
---|
| | 0-1: Hit by Pitch Pedro Sousa to second | Batting: RHB Roberto Silva | 0-0: Ball 1-0: Ground out 1-3 (Groundball, P) | Top of the 4th over - 0 runs, 1 hit, 0 errors, 2 left on base; Washington 0 - Arizona 0 | BOTTOM OF THE 4TH |
---|
Arizona Wildcats batting - Pitching for Washington Huskies : RHP Michael Hastings | Batting: RHB José Luján | 0-0: Ball 1-0: Called Strike 1-1: Fly out, F5 (Popup, 6S) | Batting: RHB Thomas Bravo | 0-0: Ball 1-0: Ball 2-0: Called Strike 2-1: Ball 3-1: Base on Balls | Batting: RHB Jon Hartley | 0-0: Swinging Strike 0-1: Ball 1-1: Ball 2-1: Grounds into double play, 6-4-3 (Groundball, 6M) | Bottom of the 4th over - 0 runs, 0 hits, 0 errors, 0 left on base; Washington 0 - Arizona 0 | TOP OF THE 5TH |
---|
Washington Huskies batting - Pitching for Arizona Wildcats : RHP Carl Mason | Batting: RHB Jarrett Marshall | 0-0: Ball 1-0: Fly out, F7 (Line Drive, 7) | Batting: RHB Mario Rodríguez | 0-0: Swinging Strike 0-1: Swinging Strike 0-2: Strikes out swinging | Batting: RHB Jorge Fernández | 0-0: Called Strike 0-1: Ground out 4-3 (Groundball, 34) | Top of the 5th over - 0 runs, 0 hits, 0 errors, 0 left on base; Washington 0 - Arizona 0 | BOTTOM OF THE 5TH |
---|
Arizona Wildcats batting - Pitching for Washington Huskies : RHP Michael Hastings | Batting: SHB José Acevedo | 0-0: Called Strike 0-1: Ball 1-1: Called Strike 1-2: Ball 2-2: Ball 3-2: Foul Ball, location: 2F 3-2: Foul Ball, location: 2F 3-2: SINGLE (Line Drive, 4MD) | Batting: RHB Nate Fisher | 0-0: Ball 1-0: Swinging Strike 1-1: Ball 2-1: SINGLE (Line Drive, 7S) José Acevedo to second | Batting: RHB Sergio Genera | 0-0: Foul Ball, location: 2F 0-1: Grounds into double play, 6-4-3 (Groundball, 6) José Acevedo to third | Batting: LHB Reginald Stokes | 0-0: Ball 1-0: Ball 2-0: Fly out, F7 (Line Drive, 78D) | Bottom of the 5th over - 0 runs, 2 hits, 0 errors, 1 left on base; Washington 0 - Arizona 0 | TOP OF THE 6TH |
---|
Washington Huskies batting - Pitching for Arizona Wildcats : RHP Carl Mason | Batting: RHB Jake Townsend | 0-0: Ball 1-0: Swinging Strike 1-1: Foul Ball, location: 2F 1-2: Ball 2-2: Strikes out swinging | Batting: RHB Jesús López | 0-0: Called Strike 0-1: Foul Ball, location: 2F 0-2: Ball 1-2: Foul Ball, location: 2F 1-2: Strikes out swinging | Batting: RHB Ben Johnson | 0-0: Ball 1-0: Foul Ball, location: 2F 1-1: Ground out 4-3 (Groundball, 4D) | Top of the 6th over - 0 runs, 0 hits, 0 errors, 0 left on base; Washington 0 - Arizona 0 | BOTTOM OF THE 6TH |
---|
Arizona Wildcats batting - Pitching for Washington Huskies : RHP Michael Hastings | Batting: RHB Bill Ford | 0-0: Called Strike 0-1: Foul Ball, location: 2F 0-2: Ball 1-2: Foul Ball, location: 2F 1-2: Strikes out swinging | Batting: SHB Andrew Walters | 0-0: Foul Ball, location: 2F 0-1: Fly out, F4 (Popup, 4) | Batting: RHB José Luján | 0-0: Ball 1-0: Fly out, F8 (Flyball, 8RD) | Bottom of the 6th over - 0 runs, 0 hits, 0 errors, 0 left on base; Washington 0 - Arizona 0 | TOP OF THE 7TH |
---|
Washington Huskies batting - Pitching for Arizona Wildcats : RHP Carl Mason | Pitching: RHP Travis Martin | | Batting: SHB Pedro Sousa | 0-0: Called Strike 0-1: Ball 1-1: Foul Ball, location: 2F 1-2: Foul Ball, location: 2F 1-2: Foul Ball, location: 2F 1-2: Ball 2-2: Foul Ball, location: 2F 2-2: Ball 3-2: Strikes out swinging | Batting: RHB Shawn Shirley | 0-0: Ball 1-0: Ball 2-0: Ball 3-0: Base on Balls | Pinch Hitting: RHB Patrick Chávez | 0-0: Foul Ball, location: 2F 0-1: Called Strike 0-2: Ball 1-2: Ball 2-2: Strikes out swinging | Pinch Hitting: RHB Rafael Barrios | 0-0: Foul Ball, location: 2F 0-1: Fly out, F7 (Flyball, 78S) | Top of the 7th over - 0 runs, 0 hits, 0 errors, 1 left on base; Washington 0 - Arizona 0 | BOTTOM OF THE 7TH |
---|
Arizona Wildcats batting - Pitching for Washington Huskies : RHP Michael Hastings | Now at SS: Rafael Barrios | | Now in CF: Jason Ashley | | Batting: RHB Thomas Bravo | 0-0: Ball 1-0: Ball 2-0: Ground out 4-3 (Groundball, 4) | Batting: RHB Jon Hartley | 0-0: Called Strike 0-1: Ball 1-1: Called Strike 1-2: Foul Ball, location: 2F 1-2: Foul Ball, location: 2F 1-2: Foul Ball, location: 2F 1-2: Foul Ball, location: 2F 1-2: Ground out 2-3 (Groundball, 2R) | Batting: SHB José Acevedo | 0-0: Ball 1-0: Ball 2-0: Called Strike 2-1: Called Strike 2-2: Strikes out swinging | Bottom of the 7th over - 0 runs, 0 hits, 0 errors, 0 left on base; Washington 0 - Arizona 0 | TOP OF THE 8TH |
---|
Washington Huskies batting - Pitching for Arizona Wildcats : RHP Travis Martin | Batting: RHB Mario Rodríguez | 0-0: Called Strike 0-1: Ball 1-1: Foul Ball, location: 2F 1-2: Ball 2-2: Foul Ball, location: 2F 2-2: Ball 3-2: Fly out, F8 (Flyball, 8LS) | Batting: RHB Jorge Fernández | 0-0: Foul Ball, location: 2F 0-1: Swinging Strike 0-2: SINGLE (Flyball, 78S) | Batting: RHB Jake Townsend | 0-0: Foul Ball, location: 2F 0-1: SINGLE (Line Drive, 6MD) Jorge Fernández to second | Batting: RHB Jesús López | 0-0: Ball 1-0: Ball 2-0: Called Strike 2-1: Ball 3-1: Base on Balls Jorge Fernández to third Jake Townsend to second | Batting: RHB Ben Johnson | 0-0: Foul Ball, location: 2F 0-1: SINGLE (Line Drive, 4D) Jorge Fernández scores Jake Townsend to third Jesús López to second | Batting: SHB Pedro Sousa | 0-0: Ball 1-0: Ball 2-0: Called Strike 2-1: Ball 3-1: Swinging Strike 3-2: Strikes out swinging | Batting: RHB Shawn Shirley | 0-0: Ball 1-0: Called Strike 1-1: Ball 2-1: Ball 3-1: Base on Balls Jake Townsend scores Jesús López to third Ben Johnson to second | Batting: SHB Jason Ashley | 0-0: Ball 1-0: Called Strike 1-1: SINGLE (Groundball, 56D) Jesús López scores Ben Johnson to third Shawn Shirley to second Runner from 3rd tries for Home, SAFE, throw made home | Pitching: RHP Thomas Frost | | Batting: RHB Rafael Barrios | 0-0: Ball 1-0: Foul Ball, location: 2F 1-1: Ball 2-1: Swinging Strike 2-2: Ball 3-2: Ground out U3 (Groundball, 34S) | Top of the 8th over - 4 runs, 4 hits, 0 errors, 2 left on base; Washington 4 - Arizona 0 | BOTTOM OF THE 8TH |
---|
Arizona Wildcats batting - Pitching for Washington Huskies : RHP Michael Hastings | Pitching: RHP Jeff Nelson | | Batting: RHB Nate Fisher | 0-0: Called Strike 0-1: Swinging Strike 0-2: Strikes out swinging | Batting: RHB Sergio Genera | 0-0: Fly out, F6 (Line Drive, 6) | Batting: LHB Reginald Stokes | 0-0: Ball 1-0: Fly out, F9 (Flyball, 9) | Bottom of the 8th over - 0 runs, 0 hits, 0 errors, 0 left on base; Washington 4 - Arizona 0 | TOP OF THE 9TH |
---|
Washington Huskies batting - Pitching for Arizona Wildcats : RHP Thomas Frost | Batting: RHB Mario Rodríguez | 0-0: Ball 1-0: Swinging Strike 1-1: Foul Ball, location: 2F 1-2: Strikes out swinging | Batting: RHB Jorge Fernández | 0-0: Called Strike 0-1: SOLO HOME RUN (Flyball, 7D), Distance : 352 ft | Batting: RHB Jake Townsend | 0-0: Called Strike 0-1: Foul Ball, location: 2F 0-2: Foul Ball, location: 2F 0-2: Ball 1-2: Foul Ball, location: 2F 1-2: Ground out 6-3 (Groundball, 6) | Batting: RHB Jesús López | 0-0: Ball 1-0: Called Strike 1-1: Foul Ball, location: 2F 1-2: Foul Ball, location: 2F 1-2: Ball 2-2: Ball 3-2: Strikes out swinging | Top of the 9th over - 1 run, 1 hit, 0 errors, 0 left on base; Washington 5 - Arizona 0 | BOTTOM OF THE 9TH |
---|
Arizona Wildcats batting - Pitching for Washington Huskies : RHP Jeff Nelson | Now at C: Fernando Ornelas | | Batting: RHB Bill Ford | 0-0: Ball 1-0: Reached on error, E6 (Groundball, 6) | Batting: SHB Andrew Walters | 0-0: Foul Ball, location: 2F 0-1: Ball 1-1: Foul Ball, location: 2F 1-2: Ball 2-2: Strikes out looking | Batting: RHB José Luján | 0-0: Ball 1-0: Called Strike 1-1: Ball 2-1: Ball 3-1: Base on Balls | Batting: RHB Thomas Bravo | 0-0: Ball 1-0: Ball 2-0: Called Strike 2-1: Fly out, F8 (Flyball, 8RM) | Batting: RHB Jon Hartley | 0-0: Ball 1-0: Foul Ball, location: 2F 1-1: Called Strike 1-2: Ball 2-2: Strikes out looking | Bottom of the 9th over - 0 runs, 0 hits, 1 error, 2 left on base; Washington 5 - Arizona 0 | | Saturday, December 16th, 2017 - OOTP Baseball 18.8 Build 76 | |